 Dungeon Crawl Stone Soup version 0.31-a0-145-g046c7d2549 (webtiles) character file.

Game seed: 9952596149509937191

4231 Esekla the Covert (level 10, -5/69 HPs)
             Began as an Octopode Delver on June 6, 2023.
             Was an Initiate of Gozag.
             Killed from afar by a gnoll (10 damage)
             ... with an iceblast
             ... led by a gnoll sergeant
             ... on level 9 of the Dungeon.
             The game lasted 00:50:50 (10180 turns).

Esekla the Covert (Octopode Delver)                Turns: 10180, Time: 00:50:51

Health: -5/69      AC:  1    Str: 11    XL:     10   Next: 30%
Magic:  25/25      EV: 16    Int: 18    God:    Gozag
Gold:   357        SH:  0    Dex: 20    Spells: 17/18 levels left

rFire   . . .        a - +7 long sword of Yeast {freeze, Dex+7}
rCold   . . .        (no shield)
rNeg    . . .        (helmet restricted)
rPois   .            (no amulet)
rElec   .            j - ring of magical power
rCorr   .            t - ring of wizardry
SInv    .            (no ring)
Will    .....        (no ring)
Stlth   ++++++       (no ring)
HPRegen 0.31/turn    (no ring)
MPRegen 0.19/turn    (no ring)
                     (no ring)

%: wizardry (x1)
@: no status effects
A: almost no armour, amphibious, 8 rings, camouflage 1, gelatinous body 1,
(nimble swimmer 1), tentacles
a: Renounce Religion, Potion Petition, Call Merchant, Bribe Branch


You were on level 9 of the Dungeon.
You worshipped Gozag.
Gozag was aware of your devotion.
You visited 2 branches of the dungeon, and saw 10 of its levels.

You collected 1725 gold pieces.
You spent 672 gold pieces at shops.
You paid 696 gold pieces to Gozag.

Inventory:

Hand Weapons
 a - the +7 long sword of Yeast (weapon) {freeze, Dex+7}
   (You bought it in a shop on level 7 of the Dungeon)

   Dex:       It affects your dexterity (+7).
 r - a +0 spear
 s - the +9 dagger "Xoots" {venom, rF+ Dex-3 SInv}
   (You found it on level 6 of the Dungeon)

   Dex:       It affects your dexterity (-3).
   rF:        It protects you from fire.
   SInv:      It lets you see invisible.
 J - a +8 long sword of distortion
Missiles
 E - 7 throwing nets
Jewellery
 i - the ring of the Spinneret {Ice Str+7}
   (You found it on level 3 of the Dungeon)

   [ring of ice]

   It enhances your ice magic.
   Str:       It affects your strength (+7).
   rF:        It makes you vulnerable to fire.
   rC:        It protects you from cold.
 j - a ring of magical power (left tentacle)
 t - a ring of wizardry (right tentacle)
Wands
 f - a wand of digging (3)
 u - a wand of flame (7) (quivered)
 B - a wand of iceblast (8)
 K - a wand of paralysis (4)
Scrolls
 b - 2 scrolls of fog
 c - a scroll of summoning {unknown}
 d - a scroll of fear
 g - a scroll of torment {unknown}
 h - 2 scrolls of enchant armour {unknown}
 k - a scroll of vulnerability {unknown}
 m - 2 scrolls of poison {unknown}
 p - 4 scrolls of teleportation {unknown}
 v - 2 scrolls of blinking
 w - a scroll of enchant weapon {unknown}
 x - 2 scrolls of immolation {unknown}
 y - a scroll of magic mapping
 A - a scroll of noise {unknown}
 G - a scroll of amnesia {unknown}
 L - a scroll of identify
Potions
 e - a potion of haste
 l - a potion of berserk rage
 n - 3 potions of attraction
 o - 2 potions of magic
 q - 3 potions of might
 z - a potion of lignification
 C - a potion of brilliance
 D - 3 potions of mutation
 F - a potion of curing
 H - a potion of cancellation {unknown}
 I - a potion of ambrosia {unknown}


   Skills:
 * Level 6.8 Fighting
 + Level 4.1(6.3) Short Blades
 * Level 7.4(7.9) Long Blades
 * Level 5.4 Dodging
 + Level 9.7 Stealth
 * Level 4.5 Spellcasting
 + Level 0.4 Translocations
 * Level 3.4 Transmutations
 + Level 0.6 Air Magic
 * Level 3.3 Earth Magic
 + Level 0.5 Evocations


You had 17 spell levels left.
You knew the following spells:

 Your Spells              Type           Power      Damage    Failure   Level
p - Apportation           Tloc           10%        N/A       4%          1

Your spell library contained the following spells:

 Spells                   Type           Power      Damage    Failure   Level
 Necrotise                Necr           16%        1d4       6%          1
 Summon Small Mammal      Summ           16%        N/A       6%          1
 Static Discharge         Conj/Air       10%        2-3/arc   8%          2
 Leda's Liquefaction      Hex/Erth       5%         N/A       26%         4
 Lee's Rapid Deconstruct  Erth           8%         3d7*      36%         5
 Airstrike                Air            3%         2d(1-17)  38%         4
 Summon Lightning Spire   Summ/Air       5%         N/A       43%         4
 Statue Form              Tmut/Erth      10%        N/A       88%         6
 Leda's Unmaking          Conj/Erth      5%         9d2       98%         6


Dungeon Overview and Level Annotations

Branches:
Dungeon (9/15)             Temple (1/1) D:5
   Lair: D:8-11         Orc: D:9-12

Altars:
Ashenzari
Dithmenos
Elyvilon
Gozag
Hepliaklqana
Kikubaaqudgha
Makhleb
Nemelex Xobeh
Qazlal
Ru
Sif Muna
Trog
Wu Jian
Xom
Yredelemnul
Zin
The Shining One

Shops:
D:3 *   D:5 !   D:7 (


Innate Abilities, Weirdness & Mutations

You cannot wear most types of armour.
You are amphibious.
You can wear up to eight rings at the same time.
Your skin changes colour to match your surroundings (Stealth+).
Your rubbery body absorbs attacks. (AC +1, EV +1)
((You are camouflaged when in or above water. (Stealth+)))
You have tentacles for arms and can constrict up to eight enemies at once.


Message History

You hear a shout! x4
The orc hits you with a +0 club. The orc hits you with a +0 mace!
A gnoll comes into view. It is wielding a +0 club.
The orc hits you with a +0 club.
You hit the orc. You freeze the orc. Your grab misses the orc.
The orc is severely wounded.
You constrict the orc. x2
You kill the orc!
The orc hits you with a +0 club. The orc hits you with a +0 mace.
You slash the orc! You freeze the orc.
You kill the orc!
You constrict the orc.
You kill the orc!
The gnoll sergeant is no longer distracted by gold.
Items here: $ )) [[.
Okay, then.
Found a weird smoking staff.
Found a glowing barding.
The gnoll sergeant hits you with a +3 spear of distortion!
Space warps horribly around you!
You barely miss the gnoll sergeant. Your grab misses the gnoll sergeant.
The gnoll sergeant hits you with a +3 spear of distortion.
You blink.
The gnoll completely misses you. The gnoll attacks as you move away!
The gnoll misses you. The gnoll attacks as you move away!
The gnoll closely misses you. The gnoll attacks as you move away!
The gnoll hits you with a +0 club! The gnoll attacks as you move away!
The gnoll hits you with a +0 club!
You slash the gnoll! You freeze the gnoll.
You kill the gnoll!
The gnoll sergeant hits you from afar with a +3 spear of distortion.
Space warps around you.
An orc wizard comes into view. It is wielding a +0 dagger.
The gnoll sergeant hits you from afar with a +3 spear of distortion!
* * * LOW HITPOINT WARNING * * *
Space warps horribly around you!
* * * LOW HITPOINT WARNING * * *
The gnoll zaps a wand.
The mass of ice explodes!
The iceblast engulfs you!
You die...
Your body crumbles into a pile of gold.

#....# ########....#
........##.##
........##.# ........##.#
.......g##$# ........##.#
......[.##.##############
........@...g............
######..##.###...........
#>........########+#
#.###.##### $ #.# #.# #.#
#.# #.###.###
######.#<)...# $
#......).....#


You could see a gnoll sergeant and a gnoll.

Vanquished Creatures
  Sigmund (D:6)
  6 yaks
  3 wyverns
  A steam dragon (D:8)
  A water moccasin (D:5)
  An orc warrior (D:7)
  An ice beast (D:8)
  A black bear (D:6)
  Pargi (D:3)
  3 ogres
  A centaur (D:8)
  2 phantoms
  3 bullfrogs
  3 scorpions
  2 gnoll sergeants
  4 wights (D:6)
  A hound (D:5)
  2 jellies (D:7)
  3 gnoll boudas
  4 orc priests
  2 iguanas
  A sleepcap (D:5)
  6 orc wizards
  29 gnolls
  7 adders
  A shadow imp (D:8)
  A white imp (D:7)
  2 worms
  4 dart slugs
  23 orcs
  4 ball pythons
  6 endoplasms
  3 giant cockroaches
  7 goblins
  10 hobgoblins
  18 jackals
  7 kobolds
  4 quokkas
  A bat (D:1)
  5 frilled lizards
  5 rats
190 creatures vanquished.

Notes
Turn   | Place    | Note
-------+----------+-------------------------------------------
     0 | D:5      | Esekla the Octopode Delver began the quest for the Orb.
     0 | D:5      | Reached XP level 1. HP: 16/16 MP: 1/1
    15 | D:5      | Found a staircase to the Ecumenical Temple.
    24 | Temple   | Entered the Ecumenical Temple
    62 | D:5      | Noticed a hound
    71 | D:5      | Noticed a water moccasin
    74 | D:5      | Killed a hound
    75 | D:5      | Reached skill level 7 in Stealth
    75 | D:5      | Reached XP level 2. HP: 6/21 MP: 2/2
    75 | D:5      | Reached XP level 3. HP: 7/26 MP: 3/3
   261 | D:5      | Found Eggiuk's Distillery.
   697 | Temple   | Became a worshipper of Gozag Ym Sagoz the Greedy
   748 | D:4      | Reached XP level 4. HP: 29/31 MP: 5/5
   885 | D:4      | Reached skill level 1 in Spellcasting
   937 | D:3      | Identified the ring of the Spinneret {Ice Str+7}
   994 | D:3      | Noticed Pargi
  1716 | D:1      | Reached XP level 5. HP: 36/36 MP: 6/6
  2409 | D:2      | Reached skill level 8 in Stealth
  2574 | D:2      | Learned a level 1 spell: Apportation
  2709 | D:3      | Found Ubrostreo's General Store.
  2713 | D:3      | Bought a scroll of blinking for 82 gold pieces
  3129 | D:3      | Found a shimmering altar of Xom.
  3644 | D:4      | Noticed a phantom
  3662 | D:4      | Killed a phantom
  3663 | D:4      | Reached XP level 6. HP: 25/43 MP: 8/8
  4591 | D:5      | Killed a water moccasin
  4592 | D:5      | Reached XP level 7. HP: 27/49 MP: 10/10
  4603 | D:5      | Bought a potion of lignification for 36 gold pieces
  4603 | D:5      | Bought a potion of berserk rage for 60 gold pieces
  4603 | D:5      | Bought a potion of heal wounds for 60 gold pieces
  4797 | D:6      | HP: 1/49 [ogre/+0 giant club (23)]
  4997 | D:6      | Reached skill level 5 in Long Blades
  5114 | D:6      | Noticed Sigmund
  5152 | D:6      | Identified the +9 dagger "Xoots" {venom, rF+ Dex-3 SInv}
  5167 | D:6      | Reached skill level 5 in Fighting
  5167 | D:6      | Reached XP level 8. HP: 28/55 MP: 11/11
  5686 | D:5      | Reached skill level 1 in Short Blades
  5686 | D:5      | Reached skill level 1 in Transmutations
  6095 | D:5      | Found an ornate altar of the Wu Jian Council.
  6364 | D:3      | Killed Pargi
  6493 | D:5      | Reached skill level 1 in Earth Magic
  6628 | D:6      | Killed Sigmund
  6629 | D:6      | Reached skill level 9 in Stealth
  6629 | D:6      | Reached XP level 9. HP: 56/61 MP: 14/14
  6951 | D:7      | Found a bloodstained altar of Trog.
  7643 | D:7      | Bought a bloodstained long sword for 246 gold pieces
  7643 | D:7      | Identified the +7 long sword of Yeast {freeze, Dex+7} (You
                  | bought it in a shop on level 7 of the Dungeon)
  8436 | D:8      | Reached skill level 5 in Dodging
  8588 | D:8      | Identified the +2 sling of the Reaper {freeze, Int+2
                  | Stlth+}
  8728 | D:8      | Found a shadowy altar of Dithmenos.
  8922 | D:7      | Bought a glowing long sword for 188 gold pieces
  9436 | D:9      | Reached XP level 10. HP: 69/69 MP: 16/16
 10173 | D:9      | HP: 3/69 [gnoll sergeant/+3 spear of distortion (13)]
 10180 | D:9      | Killed from afar by a gnoll

Illustrated notes

Levels and vault maps discovered:
D:1:      ldierk_walled_garden_2, layout_loops_corners
D:2:      layout_rooms
D:3:      layout_loops_corners, mainiacjoe_overflow_six_doors_small,
          serial_shops, nicolae_shop_stone, nicolae_eternal_life,
          chequers_serial_rivers_small_3, kennysheep_decorative_pillar,
          roderic_serpentine_path, uniq_pargi
D:4:      layout_loops_cross, chequers_serial_rivers_large_b
D:5:      layout_basic, nicolae_wu_jian_glorious_leap,
          minmay_temple_entry_gardened_gates, serial_shops, shop
D:6:      layout_basic, uniq_sigmund
D:7:      layout_gridville, lemuel_doored_altar
D:8:      layout_basic, mainiacjoe_overflow_surrounded_room
D:9:      lemuel_insect_pit, layout_basic
Temple:   hellmonk_temple_of_storms

Skill      XL: |  1  2  3  4  5  6  7  8  9 10 |
---------------+-------------------------------+-----
Stealth        | 7 8 9 |  9.7
Spellcasting   | 1 2 3 4 |  4.5
Long Blades    | 3 4 5 6 7 |  7.4
Fighting       | 4 5 6 |  6.8
Dodging        | 3 4 5 |  5.4
Short Blades   | 1 3 4 |  4.1
Transmutations | 1 3 |  3.4
Earth Magic    | 1 2 3 |  3.3
Translocations | |  0.4
Air Magic      | |  0.6
Evocations     | |  0.5

Action                     |  1- 3 |  4- 6 |  7- 9 | 10-12 || total
---------------------------+-------+-------+-------+-------++-------
  Melee: Falchion          |    19 |   123 |    22 |       ||   164
         Constrict         |     7 |    41 |    47 |     2 ||    97
         Tentacles         |     2 |    28 |    56 |    14 ||   100
         Dagger            |     1 |    53 |   164 |    16 ||   234
         Punch             |       |     2 |     5 |     1 ||     8
         Long sword        |       |       |    26 |    23 ||    49
   Cast: Apportation       |       |       |     3 |       ||     3
 Invoke: Call Merchant     |       |       |     1 |       ||     1
  Evoke: Wand              |       |       |     3 |       ||     3
    Use: Scroll            |     2 |       |     6 |       ||     8
         Potion            |       |       |     3 |     2 ||     5
   Stab: Sleeping          |     2 |    29 |     9 |       ||    40
         Distracted        |       |     2 |     2 |       ||     4
 Armour: Skin              |     2 |    11 |     1 |     1 ||    15
  Dodge: Dodged            |    16 |    82 |   114 |    31 ||   243

Table legend: (Time is in decaauts)
 A = Elapsed time spent in this place.
 B = Non-inter-level travel time spent in this place.
 C = Inter-level travel time spent in this place.
 D = Time resting spent in this place.
 E = Time spent auto-exploring this place.
 F = Levels seen in this place.
 G = Mean time per level.
                   A        B        C        D        E       F      G
               +--------+--------+--------+--------+--------+-----+--------+
         Total |  10150 |   9692 |    458 |   2625 |   2566 |  10 | 1015.0 |
       Dungeon |   9869 |   9449 |    420 |   2443 |   2556 |   9 | 1096.6 |
        Temple |    281 |    243 |     38 |    182 |     10 |   1 |  281.0 |
               +--------+--------+--------+--------+--------+-----+--------+

Top non-repeatable levels by time:
     D:8: 1723 daAuts
     D:5: 1661 daAuts
     D:3: 1292 daAuts
     D:4: 1180 daAuts
     D:6: 1100 daAuts
     D:1: 942 daAuts
     D:7: 872 daAuts
     D:9: 627 daAuts
     D:2: 470 daAuts
  Temple: 281 daAuts
